 Dungeon Crawl Stone Soup version 0.25.1-8-g42b30a86e7 (webtiles) character file.

Game seed: 9961193975488533562

178 Gabide the Cudgeler (level 5, -3/42 HPs)
             Began as a Draconian Gladiator on Dec 26, 2020.
             Was an Initiate of Ashenzari.
             Slain by an iguana (11 damage)
             ... on level 4 of the Dungeon.
             The game lasted 00:05:57 (3094 turns).

Gabide the Cudgeler (Draconian Gladiator)           Turns: 3094, Time: 00:05:57

Health: -3/42      AC:  6    Str: 17    XL:     5   Next: 32%
Magic:  5/5        EV: 13    Int:  8    God:    Ashenzari [......]
Gold:   100        SH:  0    Dex: 13    Spells: 4/4 levels left

rFire    . . .     SeeInvis .   o - +0 morningstar
rCold    . . .     Gourm    .   (no shield)
rNeg     . . .     Faith    .   (armour unavailable)
rPois    .         Spirit   .   b - +1 hat (curse)
rElec    .         Reflect  .   (no cloak)
rCorr    .         Harm     .   (no gloves)
MR       .....                  (no boots)
Stlth    +.........             p - amulet of regeneration
HPRegen  0.54/turn              (no ring)
MPRegen  0.09/turn              (no ring)

@: no status effects
A: unfitting armour, cold-blooded, AC +5
a: Curse Item, Renounce Religion


You were on level 4 of the Dungeon.
You worshipped Ashenzari.
Ashenzari was noncommittal.
You were not hungry.

You visited 1 branch of the dungeon, and saw 4 of its levels.

You collected 100 gold pieces.

Inventory:

Hand Weapons
 a - a +1 flail
 o - a +0 morningstar (weapon)
Missiles
 n - 3 boomerangs (quivered)
Armour
 b - a cursed +1 hat (worn)
Jewellery
 m - an uncursed ring of ice
 p - an amulet of regeneration (around neck)
Wands
 g - a wand of polymorph (1)
Scrolls
 h - 2 scrolls of magic mapping
Potions
 e - 3 potions of curing
 i - a potion of berserk rage {unknown}
 j - a potion of flight {unknown}
 k - a potion of stabbing {unknown}
 l - a potion of cancellation {unknown}
 q - a potion of ambrosia {unknown}
Comestibles
 d - 4 rations
 f - a chunk of flesh


   Skills:
 + Level 2.7 Fighting
 * Level 5.4 Maces & Flails
 - Level 1.7 Throwing
 + Level 3.3 Dodging
 + Level 0.1 Unarmed Combat


You had 4 spell levels left.
You didn't know any spells.
Your spell library was empty.

Dungeon Overview and Level Annotations

Branches:
Dungeon (4/15)
 Temple: D:4-7

Altars:
Ashenzari
Uskayaw
Zin

Shops:
D:3 *


Innate Abilities, Weirdness & Mutations

Your plain brown scales are hard. (AC +5)
You cannot fit into any form of body armour.
You are cold-blooded and may be slowed by cold attacks.


Message History

You are too injured to fight recklessly!
You are too injured to fight recklessly!
You are too injured to fight recklessly!
You are too injured to fight recklessly!
You are too injured to fight recklessly!
You are too injured to fight recklessly!
You closely miss the iguana.
The iguana is severely wounded.
The iguana bites you!
* * * LOW HITPOINT WARNING * * *
Quivering
c - a throwing net for throwing.
Throwing (i - inventory. (/) - cycle)
c - a throwing net (quivered)
Press: ? - help, Shift-Dir - straight line, f - iguana
Aim: an iguana (severely wounded)
You throw a throwing net.
The throwing net completely misses the iguana.
The throwing net hits the leopard gecko skeleton.
The leopard gecko skeleton is caught in the net!
The iguana bites you!
You die...

#.# #.#.#.#
...#.# ..#.###
#.#".. #.#.##
#.##....#
#.Zl@...#
#####...######.#
#.##<....$..
#.########## #.#
<.. #.. #.. ...#


You could see an iguana and a leopard gecko skeleton (caught).

Vanquished Creatures
  Ijyb (D:3)
  An iguana (D:3)
  4 adders
  An ooze (D:1)
  2 worms
  5 dart slugs
  A leopard gecko (D:3)
  4 orcs (D:3)
  6 bats
  8 giant cockroaches
  9 goblins
  4 hobgoblins
  3 jackals (D:2)
  3 ball pythons
  5 frilled lizards
  6 kobolds
  6 rats
69 creatures vanquished.

Notes
Turn   | Place    | Note
-------+----------+-------------------------------------------
     0 | D:1      | Gabide the Draconian Gladiator began the quest for the Orb.
     0 | D:1      | Reached XP level 1. HP: 17/17 MP: 1/1
   215 | D:1      | Reached XP level 2. HP: 23/24 MP: 2/2
   642 | D:1      | Reached XP level 3. HP: 30/30 MP: 3/3
   874 | D:2      | Reached skill level 4 in Maces & Flails
  1199 | D:2      | Reached XP level 4. HP: 33/37 MP: 4/4
  1379 | D:2      | You fall into a shaft and drop 1 floor!
  2025 | D:2      | Found a shattered altar of Ashenzari.
  2033 | D:2      | Became a worshipper of Ashenzari the Shackled
  2080 | D:2      | Reached skill level 5 in Maces & Flails
  2302 | D:2      | Found a hide-covered altar of Uskayaw.
  2459 | D:3      | Found a glowing silver altar of Zin.
  2459 | D:3      | Found Zin's Purification Station.
  2459 | D:3      | Noticed Ijyb
  2477 | D:3      | Killed Ijyb
  2477 | D:3      | Reached XP level 5. HP: 41/42 MP: 5/5
  3085 | D:4      | Identified the amulet of Sloth {Faith MR+ Int+3}
  3094 | D:4      | Slain by an iguana

Illustrated notes

Levels and vault maps discovered:
D:1:      tarquinn_simple_flora_water_e, layout_loops_ring, minmay_distorted
D:2:      layout_loops_ring, nicolae_overflow_crystal_walls,
          nicolae_overflow_hidden_temple, first_ration
D:3:      layout_loops_corners, zin_purify, uniq_ijyb
D:4:      layout_basic, minitemple, lemuel_zombie_altar_yredelemnul,
          nicolae_ossuary_entry_giza, uniq_pikel

Skill      XL: |  1  2  3  4 |
---------------+-------------+-----
Dodging        | 3 |  3.3
Maces & Flails | 4 5 |  5.4
Fighting       | |  2.7
Throwing       | |  1.7
Unarmed Combat | |  0.1

Action                   |  1- 3 |  4- 6 || total
-------------------------+-------+-------++-------
Melee: Flail             |   108 |    62 ||   170
       Tailslap          |    10 |    12 ||    22
       Unarmed           |       |    18 ||    18
       Morningstar       |       |    17 ||    17
Throw: Throwing net      |     3 |     2 ||     5
       Boomerang         |       |     7 ||     7
Invok: Curse Item        |       |     2 ||     2
  Use: Scroll            |     5 |     2 ||     7
 Stab: Held in net/web   |     1 |     1 ||     2
       Sleeping          |       |     3 ||     3
  Eat: Chunk             |     1 |     6 ||     7
Armor: Skin              |    34 |    26 ||    60
Dodge: Dodged            |    85 |    64 ||   149
